 Dungeon Crawl Stone Soup version 0.23-a0-517-gb7c078159a (webtiles) character file.

27 LLavrengius the Shield-Bearer (level 3, -2/26 HPs)
             Began as an Octopode Fighter on Dec 6, 2018.
             Slain by an orc
             ... wielding a +1 falchion of electrocution
              (8 damage)
             ... on level 2 of the Dungeon.
             The game lasted 00:01:34 (1006 turns).

LLavrengius the Shield-Bearer (Octopode Fighter)    Turns: 1006, Time: 00:01:35

Health: -2/26      AC:  1    Str: 15    XL:     3   Next: 10%
Magic:  3/3        EV: 11    Int: 11    God:
Gold:   93         SH:  8    Dex: 11    Spells: 2/2 levels left

rFire    . . .     SeeInvis .   a - +0 long sword
rCold    . . .     Gourm    .   b - +0 shield
rNeg     . . .     Faith    .   (helmet restricted)
rPois    .         Spirit   .   (no amulet)
rElec    .         Reflect  .   (no ring)
rCorr    .         Harm     .   (no ring)
MR       .....                  (no ring)
Stlth    ++........             (no ring)
HPRegen  0.08/turn              (no ring)
MPRegen  0.08/turn              (no ring)
                                (no ring)
                                (no ring)

@: no status effects
A: almost no armour, stealthy swim, amphibious, 8 rings, constrict 8, camouflage
1, gelatinous body 1
a: no special abilities


You were on level 2 of the Dungeon.
You were not hungry.

You visited 1 branch of the dungeon, and saw 2 of its levels.

You collected 93 gold pieces.

Inventory:

Hand Weapons
 a - a +0 long sword (weapon)
Armour
 b - a +0 shield (worn)
Jewellery
 i - an uncursed ring of see invisible {unknown}
Scrolls
 e - 3 scrolls of identify {unknown}
 f - 2 scrolls of remove curse {unknown}
 g - a scroll of noise {unknown}
 h - a scroll of amnesia {unknown}
 j - a scroll of teleportation {unknown}
Potions
 c - a potion of might
 k - a potion of degeneration {unknown}
 l - a potion of heal wounds {unknown}
 n - a potion of curing {unknown}
Comestibles
 d - 4 rations
 m - 2 chunks of flesh


   Skills:
 + Level 3.3 Fighting
 + Level 2.4 Long Blades
 - Level 3.0 Dodging
 * Level 3.6 Shields


You had 2 spell levels left.
You didn't know any spells.
Your spell library was empty.

Dungeon Overview and Level Annotations

Branches:
Dungeon (2/15)

Altars:


Innate Abilities, Weirdness & Mutations

You cannot wear most types of armour.
You are very stealthy in the water. (Stealth+)
You are amphibious.
You can wear up to eight rings at the same time.
You can use your tentacles to constrict eight enemies at once.
Your skin changes colour to match your surroundings (Stealth+).
Your rubbery body absorbs attacks. (AC +1, EV +1)


Message History

You see here a tomahawk.
The orc throws a tomahawk.
You block the tomahawk. The orc completely misses you.
You riposte.
You closely miss the orc. Your grab misses the orc.
You see here a tomahawk.
You completely miss the orc. Your grab misses the orc.
You closely miss the orc. You grab the orc. You constrict the orc.
The orc hits you with a +1 falchion of electrocution.
The orc barely misses you.
The orc priest casts a cantrip, but nothing happens.
The orc hits you with a +1 falchion of electrocution.
You are electrocuted!
* * * LOW HITPOINT WARNING * * *
You are too injured to fight recklessly!
Unknown command.
You hit the orc.
The orc is severely wounded.
You constrict the orc. You block the orc's attack.
The orc hits you with a +1 falchion of electrocution!
You die...

#................# ..
#................# .
#####..............##
...................#
.....#'##......#####
.....#(##......#
.....#.##......#
.....#.#######.######...
.....#.## #oo@.......
.....#..# #oo########
.....##.# #.o(oo....#
.....##.######...≈o..≈..#
..(......#........o.o...$
......##.#.##...........⌠
#####.##...##...........$
......##....#....≈...≈..#
...######..##..........##


You could see an orc priest and 4 orcs.

Vanquished Creatures
  A worm (D:2)
  An orc (D:2)
  3 bats (D:1)
  A giant cockroach (D:2)
  2 goblins
  4 hobgoblins
  3 jackals (D:1)
  A quokka (D:2)
  2 kobolds
  2 rats
20 creatures vanquished.

Notes
Turn   | Place    | Note
-------+----------+-------------------------------------------
     0 | D:1      | LLavrengius the Octopode Fighter began the quest for the
                  | Orb.
     0 | D:1      | Reached XP level 1. HP: 16/16 MP: 1/1
   325 | D:1      | Reached XP level 2. HP: 16/21 MP: 2/2
   867 | D:2      | Reached XP level 3. HP: 26/26 MP: 3/3
  1006 | D:2      | Slain by an orc

Vault maps used:
D:1:      minmay_arrival_stair_chambers
D:2:      cheibrodos_pilgrimage

Action                   || total
-------------------------++-------
Melee: Long sword        ||    33
       Constrict         ||    11
       Tentacles         ||     8
 Stab: Sleeping          ||     1
Armor: Skin              ||     2
Dodge: Dodged            ||    17
Block: Shield            ||    13
       Rpst.: Long sword ||     7

Table legend:
 A = Non-vault XP
 B = Vault XP
 C = Vault XP percentage of total XP
 D = Non-vault monster count
 E = Vault monster count
 F = Vault count percentage of total count
                 A         B        C        D         E       F
            +---------+---------+-------+---------+---------+-------
      Total |      36 |       3 |   7.7 |      19 |       1 |   5.0
            +---------+---------+-------+---------+---------+-------
        D:1 |      16 |       0 |   0.0 |      10 |       0 |   0.0
        D:2 |      20 |       3 |  13.0 |       9 |       1 |  10.0
            +---------+---------+-------+---------+---------+-------
